 Dungeon Sprint DCSS version bcrawl-1.15.1 (webtiles) character file.

Game seed: 17882631320419509598

15771 Chiseanne the Fighter (level 12, 0/106 HPs)
             Began as a Demonspawn Archaeologist on Oct 2, 2019.
             Was an Initiate of Gozag.
             Killed by divine providence
             ... invoked by a daeva
              (15 damage)
             ... in the Dungeon (Sprint I: "Red Sonja").
             The game lasted 00:26:15 (4018 turns).

Chiseanne the Fighter (Demonspawn Archaeologist)    Turns: 4018, Time: 00:26:15

Health: 0/106      AC: 29    Str: 13    XL:     12   Next: 4%
Magic:  19/19      EV:  4    Int: 17    God:    Gozag
Gold:   377        SH:  0    Dex: 17    Spells: 11/11 levels left

rFire    + . .     SeeInvis +   w - +9 heavy crossbow "Sniper" {velocity, Acc+∞ SInv}
rCold    + . .     Gourm    .   (shield currently unavailable)
rNeg     . . .     Faith    .   p - +2 gold dragon scales
rPois    +         Spirit   .   c - +2 hat
rElec    +         Reflect  .   D - +1 cloak {+Inv}
rCorr    .         Harm     .   g - +1 pair of gloves {Dex+3}
MR       .....     NoTele   +   (boots unavailable)
Stlth    ..........             (no amulet)
HPRegen  0.27/turn              A - ring of insulation
MPRegen  0.16/turn              q - +2 ring of slaying

@: glowing
A: hooves 3, rugged brown scales 1, powered by death 1, spiny 2
a: Potion Petition, Call Merchant, Bribe Branch, Renounce Religion, Evoke
Invisibility


You were in the Dungeon.
You worshipped Gozag.
Gozag was aware of your devotion.
You were not hungry.

You visited 1 branch You collected 6982 gold pieces.
You spent 5049 gold pieces at shops.
You paid 1556 gold pieces to Gozag.

Inventory:

Hand Weapons
 a - a +4 dagger of electrocution
 s - the +5 war axe of Fee Simple {freeze, +Inv}
   (You found it in the Dungeon)

   It has been specially enchanted to freeze those struck by it, causing extra
   injury to most foes and up to half again as much damage against particularly
   susceptible opponents.
   It can also slow down cold-blooded creatures.
   It lets you turn invisible.
 w - the +9 heavy crossbow "Sniper" (weapon) {velocity, Acc+∞ SInv} Any bolt fired from it inflicts extra damage. It lets you see invisible.
Missiles
 b - 3 throwing nets {!f}
 h - 14 curare-tipped needles
 l - 220 sling bullets
 t - 99 javelins
 y - 89 bolts (quivered)
Armour
 c - a +2 hat (worn)
 g - a +1 pair of gloves of dexterity (worn)
 p - +2 gold dragon scales (worn)
 D - a +1 cloak of invisibility (worn)
Jewellery
 q - a +2 ring of slaying (right hand)
 A - a ring of insulation (left hand)
Wands
 d - a wand of random effects (5)
 n - a wand of polymorph (7)
Scrolls
 f - 6 scrolls of identify
 j - 5 scrolls of remove curse
 m - 3 scrolls of blinking
 u - a scroll of enchant armour
 z - a scroll of amnesia
Potions
 e - 2 potions of invisibility
 k - 2 potions of magic
 v - 4 potions of curing
 x - a potion of brilliance
 B - 2 potions of might
Miscellaneous
 r - a lamp of fire


   Skills:
 * Level 12.9 Fighting
 - Level 10.4 Short Blades
   Level 0.8 Maces & Flails
 * Level 12.6 Crossbows
 - Level 10.2 Throwing
 * Level 12.7 Armour
 * Level 9.8 Dodging
 - Level 3.0 Stealth
 - Level 10.1 Evocations


You had 11 spell levels left.
You didn't know any spells.
Your spell library was empty.

Dungeon Overview and Level Annotations

Branches:
Dungeon (1/1)

Altars:
Cheibriados
Dithmenos
Elyvilon
Fedhas
Gozag
Hepliaklqana
Kikubaaqudgha
Lugonu
Makhleb
Nemelex Xobeh
Okawaru
Qazlal
Ru
Sif Muna
Trog
Uskayaw
Vehumet
Wu Jian
Xom
Yredelemnul
Zin
The Shining One
Jiyva

Shops:
D ((*[(*:*=}(:=:*[([[*%[[

Annotations:
D exclusion: door


Innate Abilities, Weirdness & Mutations

You have hooves in place of feet.
You are partially covered in rugged brown scales. (AC +1, +3% HP)
You regenerate a little health from kills.
You are mostly covered in sharp spines.


Message History

The fire giant resists with almost no effort.
Firing (i - inventory. (/) - cycle)
y - 90 bolts (quivered)
Press: ? - help, Shift-Dir - straight line, f/p - fire giant
Aim: a fire giant, wielding a +0 great sword of flaming (lightly wounded)
You shoot a bolt. The bolt hits the fire giant.
The fire giant is lightly wounded.
The fire giant gestures at you while chanting.
The fireball explodes!
The fireball engulfs you! You resist.
* * * LOW HITPOINT WARNING * * *
The fireball engulfs the fire giant.
The fire giant resists.
The fire giant barely misses you.
As you read the scroll of fear, it crumbles to dust.
You assume a fearsome visage.
The fire giant looks frightened!
The daeva calls down the wrath of the Shining One upon you.
The Shining One smites you!
* * * LOW HITPOINT WARNING * * *
The daeva calls down the wrath of the Shining One upon you.
The Shining One smites you!
You die...
Your body crumbles into a pile of gold.

###############################**
)...#.)#§§§§§§§§.§.'..#^^'..§.#,,
#...##'#§####§§§§∩##..'^^#.§§.##,
#...'..#§#,*##§§∩#######+#.§.§§#*
#####).'.#+*$###§#,%=##,,#§.§§§#$
#..##+####,,$*,#§##$$$#,,##§§..#,
§..#.○○^.#,,$**#@.###$#,,≈###+##$
#§.#..^^°+,,$$$##.#A#$#,,≈,,*,***
##'###...#,,,,,#..###$#,,≈,**+*,,
##∩'.#^^.#**++*#.##..$#,,≈**,,,,,
.###.#○^##*,,**#..#+###,,≈*,,,,,,
.∩##.#°.#***$$*##...#,≈,,**,,,,,,
####.##○#$$*,$*$###.#,≈,,*,,,,,,,
§.##.##.#$$$$$$$$$#.#**,,*,,,,,,,
...'.####$$$$$$$$$#.#,+,,**,,,,,,


You could see a daeva.

Vanquished Creatures
  A centaur warrior (D)
  A death yak (D)
  7 unseen horrors (D)
  A lindwurm (D)
  8 shining eyes (D)
  An oklob plant (D)
  An elephant (D)
  A yaktaur (D)
  A gargoyle (D)
  2 kobold demonologists (D)
  4 demonic crawlers (D)
  A hornet (D)
  A queen bee (D)
  A slime creature (D)
  Sigmund (D)
  2 redbacks (D)
  A yak (D)
  13 hogs (D)
  7 floating eyes (D)
  A black bear (D)
  7 necrophages (D)
  8 jellies (D)
  Ijyb (D)
  3 ballistomycetes (D)
75 creatures vanquished.

Vanquished Creatures (others)
  A gargoyle (D)
  2 ballistomycete spores (D)
3 creatures vanquished.

Grand Total: 78 creatures vanquished

Notes
Turn   | Place    | Note
-------+----------+-------------------------------------------
     0 | D        | Chiseanne the Demonspawn Archaeologist began the quest for
                  | the Orb.
     0 | D        | Reached XP level 1. HP: 15/15 MP: 1/1
     1 | D        | Noticed Ijyb
    11 | D        | Killed Ijyb
    11 | D        | Gained mutation: You have large cloven feet. [demonic
                  | ancestry]
    11 | D        | Reached XP level 2. HP: 9/24 MP: 1/4
   214 | D        | Noticed an ogre
   215 | D        | Noticed a black bear
   215 | D        | an ogre changed into a black bear
   218 | D        | Killed a black bear
   218 | D        | Reached skill level 5 in Fighting
   218 | D        | Reached skill level 5 in Dodging
   218 | D        | Reached skill level 5 in Evocations
   218 | D        | Gained mutation: You are partially covered in sharp spines.
                  | [demonic ancestry]
   218 | D        | Reached XP level 3. HP: 19/33 MP: 4/6
   218 | D        | Gained mutation: You have hoof-like feet. [demonic
                  | ancestry]
   218 | D        | Reached XP level 4. HP: 23/39 MP: 4/7
   333 | D        | Noticed Sigmund
   336 | D        | Killed Sigmund
   336 | D        | Reached XP level 5. HP: 43/44 MP: 8/8
   336 | D        | Gained mutation: You regenerate a little health from kills.
                  | [demonic ancestry]
   336 | D        | Reached XP level 6. HP: 50/51 MP: 9/9
   353 | D        | Found a shimmering blue altar of Sif Muna.
   354 | D        | Found an ornate altar of the Wu Jian Council.
   356 | D        | Found a radiant altar of Vehumet.
   377 | D        | Found Zawkit's Magic Scroll Emporium.
   377 | D        | Found an ancient bone altar of Kikubaaqudgha.
   377 | D        | Found a hazy altar of Hepliaklqana.
   377 | D        | Found a hide-covered altar of Uskayaw.
   377 | D        | Found a basalt altar of Yredelemnul.
   377 | D        | Found an opulent altar of Gozag.
   377 | D        | Found a snail-covered altar of Cheibriados.
   377 | D        | Found a sacrificial altar of Ru.
   377 | D        | Found a shadowy altar of Dithmenos.
   377 | D        | Noticed a yak
   378 | D        | Found a stormy altar of Qazlal.
   378 | D        | Found a blossoming altar of Fedhas.
   378 | D        | Found a bloodstained altar of Trog.
   378 | D        | Found an iron altar of Okawaru.
   378 | D        | Found a glowing golden altar of the Shining One.
   378 | D        | Found a glowing silver altar of Zin.
   378 | D        | Found a white marble altar of Elyvilon.
   388 | D        | Killed a yak
   389 | D        | Found a sparkling altar of Nemelex Xobeh.
   392 | D        | Became a worshipper of Gozag Ym Sagoz the Greedy
   395 | D        | Bought a scroll of identify for 20 gold pieces
   395 | D        | Bought a scroll of identify for 20 gold pieces
   395 | D        | Bought a scroll of remove curse for 30 gold pieces
   395 | D        | Bought a scroll of fear for 35 gold pieces
   395 | D        | Bought a scroll of enchant weapon for 75 gold pieces
   395 | D        | Bought a scroll of blinking for 75 gold pieces
   395 | D        | Bought a scroll of magic mapping for 35 gold pieces
   453 | D        | Noticed Sonja
   459 | D        | Noticed Sonja
   459 | D        | Sonja changed into Sonja the queen bee
   478 | D        | Killed Sonja the queen bee
   478 | D        | Reached XP level 7. HP: 8/60 MP: 10/10
   740 | D        | Found Kiuba's Antique Weapon Boutique.
  1022 | D        | Bought a scroll of remove curse for 30 gold pieces
  1022 | D        | Bought a scroll of identify for 20 gold pieces
  1022 | D        | Bought a scroll of remove curse for 30 gold pieces
  1035 | D        | Noticed a shining eye
  1035 | D        | Noticed a shining eye
  1035 | D        | Noticed a shining eye
  1038 | D        | Paralysed by a floating eye for 3 turns
  1042 | D        | Paralysed by a floating eye for 2 turns
  1046 | D        | Paralysed by a floating eye for 3 turns
  1051 | D        | Reached skill level 5 in Throwing
  1052 | D        | Paralysed by a floating eye for 4 turns
  1067 | D        | Killed a shining eye
  1067 | D        | Gained mutation: You have hooves in place of feet. [demonic
                  | ancestry]
  1067 | D        | Reached XP level 8. HP: 53/53 MP: 9/11
  1071 | D        | Killed a shining eye
  1080 | D        | Killed a shining eye
  1080 | D        | Reached skill level 10 in Throwing
  1080 | D        | Gained mutation: You are partially covered in rugged brown
                  | scales. (AC +1, +3% HP) [demonic ancestry]
  1080 | D        | Reached XP level 9. HP: 53/59 MP: 10/15
  1081 | D        | Noticed a shining eye
  1081 | D        | Noticed a shining eye
  1081 | D        | Noticed a shining eye
  1098 | D        | Killed a shining eye
  1098 | D        | Reached skill level 10 in Crossbows
  1098 | D        | Reached skill level 10 in Evocations
  1105 | D        | Killed a shining eye
  1105 | D        | Reached skill level 5 in Armour
  1109 | D        | Killed a shining eye
  1121 | D        | Noticed a shining eye
  1121 | D        | Noticed a shining eye
  1126 | D        | Paralysed by a floating eye for 2 turns
  1136 | D        | Killed a shining eye
  1143 | D        | Killed a shining eye
  1143 | D        | Gained mutation: You are mostly covered in sharp spines.
                  | [demonic ancestry]
  1143 | D        | Reached XP level 10. HP: 64/69 MP: 14/17
  1156 | D        | Found Oloceh's Weapon Shoppe.
  1156 | D        | Found Alobuuwk's Armour Shop.
  1156 | D        | Found Nineusec's Assorted Antiques.
  1156 | D        | Found Waridghehupt's Weapon Boutique.
  1171 | D        | Bought the +5 chain mail of the Cooper {rC+} for 565 gold
                  | pieces
  1194 | D        | Bought a potion of curing for 90 gold pieces
  1194 | D        | Bought a fizzy blue potion for 27 gold pieces
  1194 | D        | Bought a bubbling sapphire potion for 27 gold pieces
  1194 | D        | Bought a scroll labeled TUKHLUH USTOLEM for 30 gold pieces
  1200 | D        | Killed a gargoyle
  1219 | D        | Noticed a deep troll
  1220 | D        | Noticed an elephant
  1220 | D        | a deep troll changed into an elephant
  1226 | D        | Killed an elephant
  1344 | D        | Found Vicopsit's Armour Emporium.
  1392 | D        | Bought a scroll of enchant weapon for 225 gold pieces
  1392 | D        | Bought a scroll of remove curse for 90 gold pieces
  1454 | D        | Noticed a centaur warrior
  1454 | D        | Noticed a centaur warrior
  1454 | D        | Noticed a death drake
  1454 | D        | a centaur warrior changed into a death drake
  1455 | D        | a death drake changed into a yaktaur
  1462 | D        | Reached skill level 5 in Short Blades
  1469 | D        | Killed a centaur warrior
  1788 | D        | Noticed an oklob plant
  1804 | D        | Killed an oklob plant
  2054 | D        | Killed an unseen horror
  2054 | D        | Reached skill level 10 in Short Blades
  2063 | D        | Killed an unseen horror
  2063 | D        | Reached skill level 10 in Fighting
  2125 | D        | Bought a ration for 55 gold pieces
  2125 | D        | Bought a ration for 55 gold pieces
  2162 | D        | Bought a smoking spear for 200 gold pieces
  2162 | D        | Bought a slimy long sword for 212 gold pieces
  2164 | D        | Identified the +2 spear of Conscience {protect, rC+} (You
                  | bought it in a shop in the Dungeon)
  2167 | D        | Identified the cursed +1 long sword "Nismon" {venom, +Inv
                  | rPois Str+4 Dex-3} (You bought it in a shop in the Dungeon)
  2211 | D        | Found a viscous altar of Jiyva.
  2211 | D        | Found a corrupted altar of Lugonu.
  2212 | D        | Found a burning altar of Makhleb.
  2212 | D        | Found a shimmering altar of Xom.
  2302 | D        | Reached XP level 11. HP: 94/94 MP: 18/18
  2439 | D        | Got a translucent war axe
  2442 | D        | Identified the +5 war axe of Fee Simple {freeze, +Inv} (You
                  | found it in the Dungeon)
  2551 | D        | Found Juggefuh's Book Shoppe.
  2551 | D        | Found Caocarch's General Store.
  2551 | D        | Found Gifay's General Store.
  2553 | D        | Found Qianlar's Jewellery Emporium.
  2553 | D        | Found Maneir's Gadget Shop.
  2553 | D        | Found Ruemp's Antique Weapon Shoppe.
  2553 | D        | Found Kiuruh's Book Boutique.
  2553 | D        | Found Waffoe's Jewellery Emporium.
  2553 | D        | Found Qybeaff's Book Shop.
  2553 | D        | Found Suidol's Assorted Antiques.
  2555 | D        | Bought a potion of brilliance for 48 gold pieces
  2555 | D        | Bought 146 bolts for 175 gold pieces
  2555 | D        | Bought a potion of curing for 36 gold pieces
  2555 | D        | Bought a cursed -2 ring of dexterity for 24 gold pieces
  2555 | D        | Bought a throwing net for 36 gold pieces
  2563 | D        | Found Taotefug's Armour Boutique.
  2565 | D        | Bought a scroll of blinking for 75 gold pieces
  2565 | D        | Bought a scroll of amnesia for 35 gold pieces
  2566 | D        | Bought a cursed -5 ring of evasion for 28 gold pieces
  2566 | D        | Bought a cursed ring of attention for 63 gold pieces
  2578 | D        | Found Woont's Armour Emporium.
  2578 | D        | Found Luiniac's Weapon Boutique.
  2579 | D        | Found Ipnaigan's General Store.
  2584 | D        | Bought a scroll of identify for 56 gold pieces
  2584 | D        | Bought a runed wooden ring for 140 gold pieces
  2584 | D        | Bought 2 potions of might for 224 gold pieces
  2584 | D        | Bought a scroll of identify for 56 gold pieces
  2584 | D        | Bought a scroll of identify for 56 gold pieces
  2585 | D        | Bought a +0 pair of gloves for 54 gold pieces
  2585 | D        | Bought a +1 cloak of invisibility for 198 gold pieces
  2588 | D        | Bought a potion of invisibility for 104 gold pieces
  2659 | D        | Noticed a soul eater
  2780 | D        | Bought a +2 ring of slaying for 294 gold pieces
  2839 | D        | Reached skill level 10 in Armour
  3074 | D        | Noticed a lindwurm
  3078 | D        | Killed a lindwurm
  3461 | D        | Bought +2 gold dragon scales for 1104 gold pieces
  3486 | D        | Noticed a daeva
  3489 | D        | Noticed an unseen horror
  3489 | D        | Noticed an unseen horror
  3489 | D        | Noticed an unseen horror
  3490 | D        | Noticed an unseen horror
  3493 | D        | Killed an unseen horror
  3493 | D        | Noticed an unseen horror
  3495 | D        | Killed an unseen horror
  3496 | D        | Killed an unseen horror
  3498 | D        | Killed an unseen horror
  3499 | D        | Killed an unseen horror
  3783 | D        | Noticed a 12-headed hydra
  3785 | D        | Noticed a death yak
  3785 | D        | a 12-headed hydra changed into a death yak
  3788 | D        | Paralysed by a floating eye for 2 turns
  3789 | D        | Killed a death yak
  3789 | D        | Reached XP level 12. HP: 69/106 MP: 19/19
  3969 | D        | Bought a +1 pair of gloves of dexterity for 297 gold pieces
  3998 | D        | Noticed a fire giant
  3999 | D        | Noticed a fire giant
  4018 | D        | Killed from afar by a daeva

Skill      XL: |  1  2  3  4  5  6  7  8  9 10 11 |
---------------+----------------------------------+-----
Fighting       | 3 5 7 9 10 12 | 12.9
Dodging        | 4 5 7 9 |  9.8
Evocations     | 3 5 9 10 | 10.1
Crossbows      | 8 9 10 12 | 12.6
Armour         | 4 7 8 12 | 12.7
Throwing       | 9 10 | 10.2
Short Blades   | 10 | 10.4
Maces & Flails | |  0.8
Stealth        | |  3.0

Action                   |  1- 3 |  4- 6 |  7- 9 | 10-12 || total
-------------------------+-------+-------+-------+-------++-------
Melee: Whip              |     7 |       |       |       ||     7
       Dagger            |     3 |    31 |    76 |   105 ||   215
       Kick              |       |       |    21 |    36 ||    57
 Fire: Heavy crossbow    |       |       |       |    57 ||    57
Throw: Javelin           |       |       |     5 |    21 ||    26
Invok: Call Merchant     |       |       |       |     3 ||     3
Evoke: Wand              |     1 |     2 |       |     8 ||    11
       Lamp of fire      |       |       |       |     1 ||     1
  Use: Potion            |     1 |     2 |       |     3 ||     6
       Scroll            |       |     2 |       |    10 ||    12
 Stab: Distracted        |       |       |       |     1 ||     1
  Eat: Ration            |       |       |     1 |     2 ||     3
Armor: Robe              |     1 |       |       |       ||     1
       Scale mail        |       |     2 |       |       ||     2
       Chain mail        |       |       |       |    77 ||    77
       Gold dragon scale |       |       |       |    41 ||    41
Dodge: Dodged            |     3 |    15 |       |    54 ||    72
